AoeStats
← petunssu

Arabia

510209267Analyzed
1v1 RM · 2d ago on Sep 30, 2026· 48m 4s· 2 players
Game mode
Random Map
Map size
Tiny (2 player)
Population
200
Speed
Normal
Resources
Standard
Victory
Conquest
Starting age
Dark Age
Ending age
Imperial Age
RankedLock teamsTeams togetherTeam positionsShared explorationLock speedFull tech treeHidden civsTurbo modeCheats
Victory
Defeat
🇨🇱 Bengalis · Chile
1196
+14
🇧🇷 Tatars · Brazil
1147
-14
nefelibata
4:46 Loom
9:21 Feudal Age
13:16 Double-Bit Axe
20:10 Castle Age
18:18 Horse Collar
18:29 Gold Mining
19:17 Stone Mining
21:20 Wheelbarrow
24:04 Bloodlines
23:54 Husbandry
24:11 Bow Saw
24:02 Heavy Plow
25:05 Hand Cart
25:41 Town Watch
27:44 Sanctity
27:36 Fervor
30:08 Scale Barding Armor
30:16 Bloodlines
30:06 Husbandry
29:59 Fletching
30:09 Padded Archer Armor
30:23 Forging
29:44 Pikeman
30:25 Squires
36:47 Imperial Age
34:55 Iron Casting
34:23 Scale Mail Armor
34:39 Paiks
35:38 Gold Shaft Mining
35:06 Town Patrol
35:32 Leather Archer Armor
37:18 Ballistics
37:52 Conscription
37:08 Elite Ratha (Ranged)
38:36 Bodkin Arrow
39:11 Ring Archer Armor
39:45 Chemistry
39:35 Bracer
40:54 Chain Barding Armor
41:35 Blast Furnace
43:39 Chain Mail Armor
44:00 Plate Barding Armor
petunssu
6:36 Loom
8:49 Feudal Age
9:45 Double-Bit Axe
11:55 Horse Collar
21:22 Castle Age
20:51 Fletching
21:01 Padded Archer Armor
21:50 Forging
21:34 Gold Mining
21:48 Town Watch
22:42 Bodkin Arrow
23:53 Gold Shaft Mining
24:25 Wheelbarrow
25:33 Husbandry
26:44 Ballistics
27:21 Leather Archer Armor
29:09 Hand Cart
28:54 Town Patrol
28:55 Stone Mining
29:59 Bow Saw
32:56 Heavy Plow
34:11 Masonry
34:52 Town Patrol
35:31 Silk Armor
36:36 Bloodlines
40:23 Imperial Age
38:49 Treadmill Crane
39:05 Murder Holes
41:05 Bracer
41:35 Ring Archer Armor
43:24 Chemistry
42:59 Elite Skirmisher
46:50 Conscription
Connection lost

Rejoining the realm…

Still unreachable

The connection could not be restored.

Session expired

The server has moved on; the page needs a fresh start.